AoeStats
← maimadana

Arabia

509140511Analyzed
1v1 RM · 7d ago on Sep 25, 2026· 53m 15s· 2 players
Game mode
Random Map
Map size
Tiny (2 player)
Population
200
Speed
Normal
Resources
Standard
Victory
Conquest
Starting age
Dark Age
Ending age
Imperial Age
RankedLock teamsTeams togetherTeam positionsShared explorationLock speedFull tech treeHidden civsTurbo modeCheats
Victory
Defeat
🇨🇿 Vietnamese · Czechia
811
+33
🇦🇷 Vietnamese · Argentina
851
-18
maimadana
8:13 Loom
10:40 Feudal Age
11:06 Double-Bit Axe
12:01 Horse Collar
15:14 Fletching
17:35 Padded Archer Armor
23:14 Castle Age
21:30 Gold Mining
23:34 Crossbowman
24:20 Thumb Ring
24:14 Bodkin Arrow
24:51 Heavy Plow
24:33 Elite Skirmisher
27:18 Forging
30:19 Leather Archer Armor
30:51 Pikeman
32:16 Masonry
33:53 Bloodlines
33:44 Husbandry
38:42 Imperial Age
36:07 Stone Mining
36:31 Bow Saw
37:31 Scale Barding Armor
38:02 Iron Casting
39:39 Halberdier
40:26 Bracer
40:57 Ring Archer Armor
40:42 Arbalester
43:23 Light Cavalry
44:17 Cavalier
45:33 Chain Barding Armor
45:39 Ballistics
48:05 Crop Rotation
MAREKE
8:34 Loom
10:30 Feudal Age
11:33 Double-Bit Axe
11:31 Horse Collar
17:55 Bloodlines
19:04 Wheelbarrow
22:05 Castle Age
21:49 Fletching
21:52 Gold Mining
23:03 Elite Skirmisher
24:07 Bow Saw
25:26 Bodkin Arrow
26:40 Hand Cart
29:44 Forging
31:57 Husbandry
32:50 Stone Mining
34:56 Iron Casting
34:22 Padded Archer Armor
34:49 Town Watch
38:49 Imperial Age
39:59 Town Patrol
39:51 Imperial Skirmisher
42:13 Cavalier
45:23 Pikeman
46:04 Squires
46:07 Scale Mail Armor
46:08 Bracer
46:24 Leather Archer Armor
47:58 Halberdier
52:42 Chain Mail Armor
Connection lost

Rejoining the realm…

Still unreachable

The connection could not be restored.

Session expired

The server has moved on; the page needs a fresh start.